 Dungeon Sprint DCSS version 0.27.1 (webtiles) character file.

Game seed: 8369995500741374184

9 styxcanada the Sneak (level 2, -3/22 HPs)
             Began as a Spriggan Brigand on Sept 5, 2021.
             Splashed by an oklob sapling's acid (11 damage)
             ... in the Dungeon (Sprint IV: "Fedhas' Mad Dash").
             The game lasted 00:00:32 (36 turns).

styxcanada the Sneak (Spriggan Brigand)               Turns: 36, Time: 00:00:33

Health: -3/22      AC:  3    Str:  7    XL:     2   Next: 6%
Magic:  3/3        EV: 17    Int: 12    God:
Gold:   12         SH:  0    Dex: 16    Spells: 1/1 levels left

rFire    . . .     SeeInvis +   a - +2 dagger
rCold    . . .     Faith    .   (shield restricted)
rNeg     . . .     Spirit   .   b - +0 robe
rPois    .         Reflect  .   (helmet restricted)
rElec    .         Harm     .   c - +0 cloak
rCorr    .         Rampage  .   (gloves unavailable)
Will     .....     NoTele   +   (boots unavailable)
Stlth    ..........             (no amulet)
HPRegen  0.07/turn              (no ring)
MPRegen  0.08/turn              (no ring)

@: berserking, very quick
A: very small, no large weapons, unfitting armour, see invisible, speed 3
a: no special abilities


You were in the Dungeon.
You visited 1 branch You collected 12 gold pieces.

Inventory:

Hand Weapons
 a - a +2 dagger (weapon)
Missiles
 d - 8 poisoned darts (quivered)
 e - 2 curare-tipped darts
Armour
 b - a +0 robe (worn)
 c - a +0 cloak (worn)
Scrolls
 k - a scroll of blinking
Potions
 f - a potion of curing
 g - a potion of heal wounds
 h - a potion of haste
 i - 2 potions of magic


   Skills:
 * Level 2.0 Fighting
 + Level 2.3 Short Blades
 + Level 2.2 Throwing
 * Level 2.1 Dodging
 * Level 7.9 Stealth


You had one spell level left.
You didn't know any spells.
Your spell library was empty.

Dungeon Overview and Level Annotations

Branches:
Dungeon (1/1)

Altars:

Annotations:
D exclusion: oklob sapling


Innate Abilities, Weirdness & Mutations

You are very small and have problems with some larger weapons.
You are too small for most types of armour.
You have supernaturally acute eyesight. (SInv)
You cover ground extremely quickly. (Speed+++)


Message History

The river rat is heavily wounded.
You barely miss the river rat.
The river rat is severely wounded.
The river rat closely misses you.
You hit the river rat but do no damage.
The river rat is almost dead.
You kill the river rat!
Your Dodging skill increases to level 2!
Your Stealth skill gained 2 levels and is now at level 7!
You have reached level 2!
You barely miss the rat. The rat bites you but does no damage.
You closely miss the rat. The rat completely misses you.
You hit the rat.
The rat is moderately wounded.
The rat closely misses you.
You closely miss the rat.
The rat is moderately wounded.
You hit the rat.
You kill the rat!
Your Fighting skill increases to level 2!
d - 3 poisoned darts (gained 1)
d - 4 poisoned darts (gained 1)
There is an open door here.
d - 5 poisoned darts (gained 1)
d - 6 poisoned darts (gained 1)
You now have 12 gold pieces.
d - 8 poisoned darts (gained 2)
You open the door.
An oklob sapling comes into view.
The oklob sapling spits acid at you. The splash of acid misses you.
Marking area around an oklob sapling as unsafe for travelling.
Found 42 gold pieces.
A red film seems to cover your vision as you go berserk!
You feel yourself moving faster!
You feel mighty!
You feel a strong urge to attack something.
The oklob sapling spits acid at you. The splash of acid hits you!
You are splashed with acid!
Ouch! That really hurt!
You die...

##################
#<..P#.....#.$$$$#
#PP..'.....@.#
#PPPP#.....#P#
##############


You could see an oklob sapling.

Vanquished Creatures
  A river rat (D)
  A rat (D)
2 creatures vanquished.

Notes
Turn   | Place    | Note
-------+----------+-------------------------------------------
     0 | D        | styxcanada the Spriggan Brigand began the quest for the
                  | Orb.
     0 | D        | Reached XP level 1. HP: 10/10 MP: 2/2
    15 | D        | Reached skill level 7 in Stealth
    15 | D        | Reached XP level 2. HP: 9/15 MP: 3/3
    34 | D        | Noticed an oklob sapling
    36 | D        | Splashed by an oklob sapling's acid

Illustrated notes

Levels and vault maps discovered:
D:        dungeon_sprint_fedhas [sprint_temple]

Skill      XL: |  1  2 |
---------------+-------+-----
Dodging        | 2 |  2.1
Stealth        | 7 |  7.9
Fighting       | 2 |  2.0
Short Blades   | |  2.3
Throwing       | |  2.2

Action                   || total
-------------------------++-------
Melee: Dagger            ||     7
Throw: Dart              ||     6
  Use: Potion            ||     1
Armor: Robe              ||     1
Dodge: Dodged            ||     4
